 Dungeon Crawl Stone Soup version 0.26-a0-1222-g14533b3512 (webtiles) character file.

Game seed: 13930562645860991218

31 CurlyBrace the Sneak (level 3, 7/17 HPs)
             Began as a Felid Delver on Dec 31, 2020.
             Quit the game in a sewer.
             The game lasted 00:01:54 (141 turns).

CurlyBrace the Sneak (Felid Delver)                  Turns: 141, Time: 00:01:55

Health: 7/17       AC:  1    Str:  8    XL:     3   Next: 7%
Magic:  4/4        EV: 18    Int: 12    God:
Gold:   7          SH:  0    Dex: 17    Spells: 2/2 levels left
                                        Lives:  0   Deaths: 0

rFire    . . .     SeeInvis +     - Unarmed
rCold    . . .     Faith    .   (shield unavailable)
rNeg     . . .     Spirit   .   (armour unavailable)
rPois    .         Reflect  .   (helmet unavailable)
rElec    .         Harm     .   (cloak unavailable)
rCorr    .         Rampage  .   (gloves unavailable)
Will     .....                  (boots unavailable)
Stlth    ++++......             (no amulet)
HPRegen  0.05/turn              (no ring)
MPRegen  0.09/turn              (no ring)

@: lethally poisoned (7 -> -1), quick
A: very small, no armour, no weapons or thrown items, stealth, claws 1, fangs 3,
see invisible, speed 1, shaggy fur 1, sharp paws
a: no special abilities


You were in a sewer.
You visited 1 branch of the dungeon, and saw 2 of its levels.
You also visited: Sewer.

You collected 7 gold pieces.

Inventory:

Wands
 v - a wand of digging (2)
Scrolls
 a - a scroll of fog
 c - a scroll of fear
 d - a scroll of enchant armour {unknown}


   Skills:
 * Level 3.0 Fighting
 + Level 3.0 Dodging
 - Level 7.0 Stealth
 * Level 3.0 Unarmed Combat


You had 2 spell levels left.
You didn't know any spells.
Your spell library was empty.

Dungeon Overview and Level Annotations

Branches:
Dungeon (6/15)              Sewer (1/1)
 Temple: D:4-7

Altars:


Innate Abilities, Weirdness & Mutations

You cannot wear armour.
You are incapable of wielding weapons or throwing items.
Your paws allow you to move quietly. (Stealth)
You have sharp claws.
You have razor-sharp teeth.
You have supernaturally acute eyesight. (SInv)
You cover ground quickly.
You are covered in fur. (AC +1)
Your sharp claws are effective at attacking unaware monsters.


Message History

A giant cockroach comes into view.
A frilled lizard comes into view.
A frilled lizard comes into view.
A frilled lizard comes into view.
The frilled lizard hisses angrily. x3; You hear an angry hiss.
An adder comes into view.
A giant cockroach comes into view.
The frilled lizard hisses.
You enter the shallow water.
Moving in this stuff is going to be slow.
The frilled lizard hisses.
The adder closely misses you. x2
The adder bites you.
You are poisoned.
The adder poisons you!
You feel sick.
Evoke which item? (* to show all) (? for menu, Esc to quit)
Okay, then.
You aren't carrying any potions.
Unknown command.
Are you sure you want to abandon this character and quit the game? (Confirm with "yes".)

#####################
.......≈≈.≈ll≈S@....##
≈≈≈≈≈≈≈B≈≈≈≈≈≈l≈≈≈≈..#
≈≈≈≈≈≈≈≈≈≈≈≈≈≈≈≈≈≈≈≈.#
≈≈≈≈≈≈≈≈≈≈≈≈≈≈≈≈≈≈≈≈.#
≈≈≈.B≈≈≈≈≈≈≈≈≈..≈≈≈≈.#
########≈≈≈≈≈≈≈≈.≈≈≈.#
#≈≈≈≈≈≈≈≈≈.≈≈≈.#
#≈≈≈≈≈≈≈≈≈≈≈≈≈≈.#
#≈≈≈≈≈≈≈≈≈≈≈≈≈≈.#


You could see an adder and 3 frilled lizards.

Vanquished Creatures
  2 adders
  A shadow imp (D:5)
  3 giant cockroaches (Sewer)
  2 frilled lizards (Sewer)
8 creatures vanquished.

Notes
Turn   | Place    | Note
-------+----------+-------------------------------------------
     0 | D:5      | CurlyBrace the Felid Delver began the quest for the Orb.
     0 | D:5      | Reached XP level 1. HP: 10/10 MP: 2/2
     4 | D:6      | Noticed a hound
    43 | D:5      | Found a glowing drain.
    48 | D:5      | Reached XP level 2. HP: 6/14 MP: 3/3
    50 | Sewer    | Entered a sewer
    69 | Sewer    | Reached skill level 7 in Stealth
    75 | Sewer    | Reached XP level 3. HP: 6/17 MP: 4/4
   141 | Sewer    | Quit the game

Illustrated notes

Levels and vault maps discovered:
D:5:      layout_loops_ring, portal_sewer_entry_d, serial_park_tiny_2
D:6:      minmay_polygon_palace, layout_loops_ring, ebering_ghost_disaster_area,
          nicolae_zen_rock_garden
Sewer:    sewer_frog_island_01

Skill      XL: |  1  2 |
---------------+-------+-----
Dodging        | 3 |  3.0
Stealth        | 7 |  7.0
Unarmed Combat | 3 |  3.0
Fighting       | |  3.0

Action                   || total
-------------------------++-------
Melee: Unarmed           ||    19
       Bite              ||     1
Evoke: Wand              ||     1
  Use: Scroll            ||     2
       Potion            ||     2
 Stab: Sleeping          ||     1
       Invisible         ||     2
Dodge: Dodged            ||     8

Table legend: (Time is in decaauts)
 A = Elapsed time spent in this place.
 B = Non-inter-level travel time spent in this place.
 C = Inter-level travel time spent in this place.
 D = Time resting spent in this place.
 E = Time spent auto-exploring this place.
 F = Levels seen in this place.
 G = Mean time per level.
                   A        B        C        D        E       F      G
               +--------+--------+--------+--------+--------+-----+--------+
         Total |    126 |    126 |      0 |      0 |      0 |   3 |   42.0 |
       Dungeon |     43 |     43 |      0 |      0 |      0 |   2 |   21.5 |
         Sewer |     82 |     82 |      0 |      0 |      0 |   1 |   82.0 |
               +--------+--------+--------+--------+--------+-----+--------+

Top non-repeatable levels by time:
   Sewer: 82 daAuts
     D:5: 41 daAuts
     D:6: 1 daAuts
